 Dungeon Crawl Stone Soup version 0.20.1-1-g8b1a95d (webtiles) character file.

176 Irenicus the Chopper (level 5, 0/45 HPs)
             Began as a Deep Dwarf Gladiator on Oct 28, 2017.
             Slain by a scorpion (6 damage)
             ... on level 3 of the Dungeon.
             The game lasted 00:03:53 (1521 turns).

Irenicus the Chopper (Deep Dwarf Gladiator)         Turns: 1521, Time: 00:03:54

Health: 0/45       AC:  6    Str: 17    XL:     5   Next: 30%
Magic:  5/5        EV: 13    Int:  9    God:
Gold:   170        SH:  0    Dex: 15    Spells: 4/4 levels left

rFire    . . .     SeeInvis .   a - +0 war axe
rCold    . . .     Gourm    .   (no shield)
rNeg     + . .     Faith    .   b - +0 leather armour
rPois    .         Spirit   .   l - +2 hat
rElec    .         Reflect  .   (no cloak)
rCorr    .         Harm     .   g - +0 pair of gloves
MR       .....                  (no boots)
Stlth    +.........             (no amulet)
Regen    0.0/turn               r - ring of positive energy
MPRegen  0.1/turn               (no ring)

@: lethally poisoned (0 -> -7), non-regenerating
A: damage resistance, heal wounds, sense surroundings 1, no regeneration
a: Heal Wounds


You were on level 3 of the Dungeon.
You were not hungry.

You visited 1 branch of the dungeon, and saw 3 of its levels.

You collected 170 gold pieces.

Inventory:

Hand Weapons
 a - a +0 war axe (weapon)
Missiles
 d - 3 throwing nets (quivered)
Armour
 b - a +0 leather armour (worn)
 c - a +0 helmet
 g - a +0 pair of gloves (worn)
 l - a +2 hat (worn)
Jewellery
 r - a ring of positive energy (left hand)
Wands
 o - a wand of flame (18/48)
Scrolls
 e - 2 scrolls of remove curse {unknown}
 j - 2 scrolls of identify {unknown}
 n - 2 scrolls of teleportation {unknown}
 p - a scroll of enchant armour {unknown}
 q - 3 scrolls of amnesia {unknown}
Potions
 h - a potion of ambrosia {unknown}
 i - a potion of lignification {unknown}
 k - a potion of heal wounds
Comestibles
 f - 4 bread rations
 m - a royal jelly


   Skills:
 - Level 1.7 Fighting
 + Level 6.6 Axes
 - Level 1.7 Throwing
 - Level 3.2 Dodging


You had 4 spell levels left.
You didn't know any spells.

Dungeon Overview and Level Annotations

Branches:
Dungeon (3/15)

Altars:
Dithmenos
Kikubaaqudgha
Okawaru
Uskayaw


Innate Abilities, Weirdness & Mutations

You are resistant to damage.
You can heal yourself by infusing magical energy.
You passively map a small area around you.
You do not regenerate.


Message History

You completely miss the scorpion.
The scorpion is moderately wounded.
The scorpion stings you!
* * * LOW HITPOINT WARNING * * *
You hit the scorpion.
The scorpion is heavily wounded.
The scorpion stings you but does no damage.
The scorpion stings you.
* * * LOW HITPOINT WARNING * * *
You barely miss the scorpion.
The scorpion is heavily wounded.
The scorpion stings you.
You are lethally poisoned!
The scorpion poisons you!
You hit the scorpion but do no damage.
The scorpion is heavily wounded.
* * * LOW HITPOINT WARNING * * *
You feel very sick. The scorpion stings you!
You die...

#.####...#..............
#........'..............
#.#######....##.............
#............###............
#######......# ##...........
####.##...# ##..........
#.).....### ##.........
###.###.#.##### ##........
#...# #.#.@s..# ##.......
#.### #.#####.# ##......
#.#####.# * ##.#...
#.......# * * ** ##...
#########* * , , ,, ,, , , +
,


You could see a scorpion.

Vanquished Creatures
  A hound (D:3)
  5 adders
  2 oozes
  A worm (D:2)
  2 dart slugs
  4 leopard geckos
  7 bats
  5 giant cockroaches
  14 goblins
  14 hobgoblins
  A quokka (D:3)
  5 ball pythons
  4 frilled lizards
  8 kobolds
  7 rats
80 creatures vanquished.

Notes
Turn   | Place    | Note
-------+----------+-------------------------------------------
     0 | D:1      | Irenicus the Deep Dwarf Gladiator began the quest for the Orb.
     0 | D:1      | Reached XP level 1. HP: 19/19 MP: 1/1
   302 | D:1      | Reached XP level 2. HP: 24/26 MP: 2/2
   322 | D:1      | Reached skill level 4 in Axes
   675 | D:1      | Reached XP level 3. HP: 20/32 MP: 3/3
   723 | D:2      | Reached skill level 5 in Axes
   794 | D:2      | Reached XP level 4. HP: 11/39 MP: 4/4
   964 | D:2      | Found an ancient bone altar of Kikubaaqudgha.
   967 | D:2      | Found a shadowy altar of Dithmenos.
   967 | D:2      | Found a hide-covered altar of Uskayaw.
   970 | D:2      | Found an iron altar of Okawaru.
  1127 | D:2      | Reached skill level 6 in Axes
  1172 | D:3      | Reached XP level 5. HP: 31/45 MP: 5/5
  1521 | D:3      | Slain by a scorpion

Skill      XL: |  1  2  3  4 |
---------------+-------------+-----
Axes           | 4 5 6 |  6.6
Fighting       | |  1.7
Throwing       | |  1.7
Dodging        | |  3.2

Action                   |  1- 3 |  4- 6 || total
-------------------------+-------+-------++-------
Melee: War axe           |   104 |    89 ||   193
Throw: Throwing net      |       |     1 ||     1
  Use: Potion            |       |     1 ||     1
 Stab: Held in net/web   |       |     1 ||     1
  Eat: Chunk             |       |     2 ||     2
Armor: Leather armour    |    36 |    40 ||    76
Dodge: Dodged            |    77 |    86 ||   163
